3AAA
BALBOA BUCCANEERS @ RAPPAHANNOCK PARTISANS
06/23/2018
 
TOP OF THE 1ST
Balboa Buccaneers batting - Pitching for Rappahannock Partisans : RHP Jim Unknown
Pitching: RHP Jim Unknown
Batting: RHB Leonard James 0-0: Swinging Strike
0-1: Swinging Strike
0-2: Ball
1-2: Strikes out looking
Batting: RHB Matt Nelson 0-0: Called Strike
0-1: Swinging Strike
0-2: Foul Ball, location: 2F
0-2: Ball
1-2: Strikes out swinging
Batting: RHB César Garza 0-0: Ball
1-0: Ball
2-0: Foul Ball, location: 2F
2-1: Foul Ball, location: 2F
2-2: Foul Ball, location: 2F
2-2: Ground out 6-3 (Groundball, 6)
Top of the 1st over - 0 run(s), 0 hit(s), 0 error(s), 0 left on base; Balboa 0 - Rappahannock 0
BOTTOM OF THE 1ST
Rappahannock Partisans batting - Pitching for Balboa Buccaneers : LHP Bill Howard
Pitching: LHP Bill Howard
Batting: RHB Bill Taylor 0-0: Called Strike
0-1: Ball
1-1: Ground out 4-3 (Groundball, 4M)
Batting: RHB Eduardo Manuel 0-0: Ball
1-0: Swinging Strike
1-1: Ball
2-1: Foul Ball, location: 2F
2-2: Strikes out swinging
Batting: RHB José Mata 0-0: Called Strike
0-1: DOUBLE (Flyball, 9D)
Batting: RHB Colby Turner 0-0: Ball
1-0: Swinging Strike
1-1: Ground out U3 (Groundball, 3S)
Bottom of the 1st over - 0 run(s), 1 hit(s), 0 error(s), 1 left on base; Balboa 0 - Rappahannock 0
TOP OF THE 2ND
Balboa Buccaneers batting - Pitching for Rappahannock Partisans : RHP Jim Unknown
Batting: LHB Bellchyor Lebrim 0-0: TRIPLE (Line Drive, 8LM)
Batting: RHB Derek Schroeder 0-0: Called Strike
0-1: Ball
1-1: Called Strike
1-2: Strikes out looking
Batting: LHB Anthony Trigg 0-0: Foul Ball, location: 2F
0-1: Ground out 6-3 (Groundball, 6)
Bellchyor Lebrim scores
Batting: SHB Theodore Buck 0-0: Ball
1-0: Ball
2-0: Ball
3-0: Called Strike
3-1: Fly out, F9 (Flyball, 89M)
Top of the 2nd over - 1 run(s), 1 hit(s), 0 error(s), 0 left on base; Balboa 1 - Rappahannock 0
BOTTOM OF THE 2ND
Rappahannock Partisans batting - Pitching for Balboa Buccaneers : LHP Bill Howard
Batting: RHB Matt Sheppard 0-0: Ball
1-0: Fly out, F8 (Flyball, 8RM)
Batting: LHB Alfonso López 0-0: Ball
1-0: Swinging Strike
1-1: Foul Ball, location: 2F
1-2: Foul Ball, location: 2F
1-2: Strikes out swinging
Batting: LHB Marvin von Seydlitz 0-0: Swinging Strike
0-1: Ground out 1-3 (Groundball, 23)
Bottom of the 2nd over - 0 run(s), 0 hit(s), 0 error(s), 0 left on base; Balboa 1 - Rappahannock 0
TOP OF THE 3RD
Balboa Buccaneers batting - Pitching for Rappahannock Partisans : RHP Jim Unknown
Batting: RHB Louie McNeil 0-0: Ball
1-0: Ball
2-0: Foul Ball, location: 2F
2-1: Ball
3-1: Called Strike
3-2: Ground out U3 (Groundball, 3L)
Batting: SHB Chris Cordell 0-0: Ball
1-0: SINGLE (Groundball, 34D)
Batting: RHB Leonard James 0-0: Ground out 5-3 (Groundball, 5S)
Chris Cordell to second
Batting: RHB Matt Nelson 0-0: Ball
1-0: SINGLE (Flyball, 9LS) - OUT at second base trying to stretch hit.
Chris Cordell scores
Top of the 3rd over - 1 run(s), 2 hit(s), 0 error(s), 0 left on base; Balboa 2 - Rappahannock 0
BOTTOM OF THE 3RD
Rappahannock Partisans batting - Pitching for Balboa Buccaneers : LHP Bill Howard
Batting: LHB Miguel Mendoza 0-0: Called Strike
0-1: Fly out, F6 (Popup, 6D)
Batting: RHB Ángel Ruezga 0-0: Ball
1-0: Foul Ball, location: 2F
1-1: Ball
2-1: Reached on error, E5 (Groundball, 5)
Batting: RHB Bill Taylor 0-0: Ball
Ángel Ruezga is caught stealing 2nd base
1-0: Ball
2-0: SINGLE (Line Drive, 9LS)
Batting: RHB Eduardo Manuel 0-0: Called Strike
0-1: Fly out, F8 (Line Drive, 8RM)
Bottom of the 3rd over - 0 run(s), 1 hit(s), 1 error(s), 1 left on base; Balboa 2 - Rappahannock 0
TOP OF THE 4TH
Balboa Buccaneers batting - Pitching for Rappahannock Partisans : RHP Jim Unknown
Batting: RHB César Garza 0-0: Foul Ball, location: 2F
0-1: Foul Ball, location: 2F
0-2: Ball
1-2: Foul Ball, location: 2F
1-2: SOLO HOME RUN (Flyball, 8RXD), Distance : 436 ft
Batting: LHB Bellchyor Lebrim 0-0: Foul Ball, location: 2F
0-1: Fly out, F9 (Flyball, 89XD)
Batting: RHB Derek Schroeder 0-0: Called Strike
0-1: Foul Ball, location: 2F
0-2: Ball
1-2: Strikes out swinging
Batting: LHB Anthony Trigg 0-0: Ball
1-0: Ball
2-0: Called Strike
2-1: Fly out, F5 (Popup, 6)
Top of the 4th over - 1 run(s), 1 hit(s), 0 error(s), 0 left on base; Balboa 3 - Rappahannock 0
BOTTOM OF THE 4TH
Rappahannock Partisans batting - Pitching for Balboa Buccaneers : LHP Bill Howard
Batting: RHB José Mata 0-0: Ball
1-0: Ball
2-0: Called Strike
2-1: Fly out, F9 (Flyball, 9M)
Batting: RHB Colby Turner 0-0: Called Strike
0-1: Ball
1-1: Ball
2-1: Ball
3-1: Base on Balls
Batting: RHB Matt Sheppard 0-0: Ball
1-0: Ball
2-0: Ball
3-0: Called Strike
3-1: Foul Ball, location: 2F
3-2: Foul Ball, location: 2F
3-2: SINGLE (Groundball, 56)
Colby Turner to second
Batting: LHB Alfonso López 0-0: SINGLE (Line Drive, 3D)
Colby Turner to third
Matt Sheppard to second
Batting: LHB Marvin von Seydlitz 0-0: Foul Ball, location: 2F
0-1: Ball
1-1: DOUBLE (Groundball, 3L)
Colby Turner scores
Matt Sheppard scores
Alfonso López to third
Pitching: RHP Jimmy Wilson
Batting: LHB Miguel Mendoza 0-0: Ball
1-0: Ball
2-0: Foul Ball, location: 2F
2-1: Ball
3-1: DOUBLE (Flyball, 78D)
Alfonso López scores
Marvin von Seydlitz scores
Batting: RHB Ángel Ruezga 0-0: Ball
1-0: Ball
2-0: Ball
3-0: Foul Ball, location: 2F
3-1: Ground out 5-3 (Groundball, 5S)
Miguel Mendoza to third
Batting: RHB Bill Taylor 0-0: Swinging Strike
0-1: Swinging Strike
0-2: Strikes out looking
Bottom of the 4th over - 4 run(s), 4 hit(s), 0 error(s), 1 left on base; Balboa 3 - Rappahannock 4
TOP OF THE 5TH
Balboa Buccaneers batting - Pitching for Rappahannock Partisans : RHP Jim Unknown
Batting: SHB Theodore Buck 0-0: Ball
1-0: Swinging Strike
1-1: Called Strike
1-2: Strikes out swinging
Batting: RHB Louie McNeil 0-0: Called Strike
0-1: Ball
1-1: Ball
2-1: Ground out 5-3 (Groundball, 56S)
Batting: SHB Chris Cordell 0-0: Ball
1-0: Ball
2-0: Swinging Strike
2-1: Ball
3-1: Swinging Strike
3-2: Strikes out looking
Top of the 5th over - 0 run(s), 0 hit(s), 0 error(s), 0 left on base; Balboa 3 - Rappahannock 4
BOTTOM OF THE 5TH
Rappahannock Partisans batting - Pitching for Balboa Buccaneers : RHP Jimmy Wilson
Batting: RHB Eduardo Manuel 0-0: Swinging Strike
0-1: Called Strike
0-2: Strikes out looking
Batting: RHB José Mata 0-0: Ball
1-0: SINGLE (Line Drive, 6D)
Batting: RHB Colby Turner 0-0: Ball
1-0: Foul Ball, location: 2F
1-1: SINGLE (Line Drive, 78S)
José Mata to second
Batting: RHB Matt Sheppard 0-0: Grounds into double play, 6-4-3 (Groundball, 6)
Bottom of the 5th over - 0 run(s), 2 hit(s), 0 error(s), 1 left on base; Balboa 3 - Rappahannock 4
TOP OF THE 6TH
Balboa Buccaneers batting - Pitching for Rappahannock Partisans : RHP Jim Unknown
Batting: RHB Leonard James 0-0: Called Strike
0-1: Ball
1-1: Foul Ball, location: 2F
1-2: Strikes out swinging
Batting: RHB Matt Nelson 0-0: Foul Ball, location: 2F
0-1: Foul Ball, location: 2F
0-2: Strikes out swinging
Batting: RHB César Garza 0-0: Foul Ball, location: 2F
0-1: Ground out 6-3 (Groundball, 6M)
Top of the 6th over - 0 run(s), 0 hit(s), 0 error(s), 0 left on base; Balboa 3 - Rappahannock 4
BOTTOM OF THE 6TH
Rappahannock Partisans batting - Pitching for Balboa Buccaneers : RHP Jimmy Wilson
Batting: LHB Alfonso López 0-0: Ball
1-0: Called Strike
1-1: Foul Ball, location: 2F
1-2: Ball
2-2: Fly out, F8 (Flyball, 8LM)
Batting: LHB Marvin von Seydlitz 0-0: Ball
1-0: TRIPLE (Flyball, 89M)
Batting: LHB Miguel Mendoza 0-0: Intentional Walk
Batting: RHB Ángel Ruezga 0-0: Ball
1-0: Ball
2-0: Called Strike
2-1: Fly out, F9 (Flyball, 9M)
Runner from 3rd tags up, SCORES, throw made
Batting: RHB Bill Taylor 0-0: Ball
1-0: Foul Ball, location: 2F
1-1: Ground out 1-3 (Groundball, 23)
Bottom of the 6th over - 1 run(s), 1 hit(s), 0 error(s), 1 left on base; Balboa 3 - Rappahannock 5
TOP OF THE 7TH
Balboa Buccaneers batting - Pitching for Rappahannock Partisans : RHP Jim Unknown
Batting: LHB Bellchyor Lebrim 0-0: Ball
1-0: Foul Ball, location: 2F
1-1: Foul Ball, location: 2F
1-2: Foul Ball, location: 2F
1-2: Strikes out swinging
Batting: RHB Derek Schroeder 0-0: Called Strike
0-1: Called Strike
0-2: Strikes out swinging
Batting: LHB Anthony Trigg 0-0: Ball
1-0: Ball
2-0: Fly out, F7 (Flyball, 7S)
Top of the 7th over - 0 run(s), 0 hit(s), 0 error(s), 0 left on base; Balboa 3 - Rappahannock 5
BOTTOM OF THE 7TH
Rappahannock Partisans batting - Pitching for Balboa Buccaneers : RHP Jimmy Wilson
Pitching: RHP Jim Mitford
Batting: RHB Eduardo Manuel 0-0: Ball
1-0: Foul Ball, location: 2F
1-1: Ball
2-1: Ball
3-1: Foul Ball, location: 2F
3-2: Foul Ball, location: 2F
3-2: Foul Ball, location: 2F
3-2: Strikes out swinging
Batting: RHB José Mata 0-0: Ball
1-0: Ball
2-0: Called Strike
2-1: Ball
3-1: Foul Ball, location: 2F
3-2: Foul Ball, location: 2F
3-2: Ground out 4-3 (Groundball, 34)
Batting: RHB Colby Turner 0-0: Foul Ball, location: 2F
0-1: Ball
1-1: Ball
2-1: Called Strike
2-2: Foul Ball, location: 2F
2-2: SINGLE (Groundball, 56)
Batting: RHB Matt Sheppard 0-0: Ball
1-0: Swinging Strike
1-1: Swinging Strike
1-2: Strikes out swinging
Bottom of the 7th over - 0 run(s), 1 hit(s), 0 error(s), 1 left on base; Balboa 3 - Rappahannock 5
TOP OF THE 8TH
Balboa Buccaneers batting - Pitching for Rappahannock Partisans : RHP Jim Unknown
Now at 1B: Cipriano Oliveira
Batting: SHB Theodore Buck 0-0: Ball
1-0: Called Strike
1-1: Foul Ball, location: 2F
1-2: Strikes out swinging
Batting: RHB Louie McNeil 0-0: Called Strike
0-1: Called Strike
0-2: Fly out, F3 (Popup, 3SF)
Batting: SHB Chris Cordell 0-0: Called Strike
0-1: Ball
1-1: Called Strike
1-2: Fly out, F8 (Flyball, 8RM)
Top of the 8th over - 0 run(s), 0 hit(s), 0 error(s), 0 left on base; Balboa 3 - Rappahannock 5
BOTTOM OF THE 8TH
Rappahannock Partisans batting - Pitching for Balboa Buccaneers : RHP Jim Mitford
Batting: LHB Alfonso López 0-0: Called Strike
0-1: Ball
1-1: Ball
2-1: Fly out, F7 (Popup, 5DF)
Batting: LHB Marvin von Seydlitz 0-0: Ball
1-0: Fly out, F9 (Flyball, 89D)
Batting: RHB Cipriano Oliveira 0-0: Ball
1-0: Called Strike
1-1: Called Strike
1-2: SINGLE (Line Drive, 6M)
Batting: RHB Ángel Ruezga 0-0: Swinging Strike
0-1: Ball
1-1: Foul Ball, location: 2F
1-2: Fly out, F3 (Popup, 3F)
Bottom of the 8th over - 0 run(s), 1 hit(s), 0 error(s), 1 left on base; Balboa 3 - Rappahannock 5
TOP OF THE 9TH
Balboa Buccaneers batting - Pitching for Rappahannock Partisans : RHP Jim Unknown
Pitching: RHP Herman Barnes
Batting: RHB Leonard James 0-0: Called Strike
0-1: Called Strike
0-2: Ball
1-2: Strikes out swinging
Batting: RHB Matt Nelson 0-0: Called Strike
0-1: Fly out, F9 (Flyball, 89M)
Batting: RHB César Garza 0-0: Ball
1-0: Ball
2-0: Ball
3-0: Base on Balls
Batting: LHB Bellchyor Lebrim 0-0: Called Strike
0-1: Ball
1-1: Swinging Strike
1-2: Ball
2-2: Strikes out swinging
Top of the 9th over - 0 run(s), 0 hit(s), 0 error(s), 1 left on base; Balboa 3 - Rappahannock 5
This league is powered by Out of the Park Baseball, the baseball management simulation game for PC, Mac and Linux
Monday, May 4th, 2015 - OOTP Baseball 15.6 Build 34